 Dungeon Crawl Stone Soup version 0.31-a0-588-g14bffd4ff3 (webtiles) character file.

Game seed: 224005759793377265

16667 AdnanSaban the Basher (level 12, 0/75 HPs)
             Began as a Gargoyle Fighter on Aug 19, 2023.
             Was a High Priest of Okawaru.
             Slain by a skeletal warrior
             ... wielding a +0 mace
              (5 damage)
             ... on level 12 of the Dungeon.
             The game lasted 00:17:09 (11048 turns).

AdnanSaban the Basher (Gargoyle Fighter)           Turns: 11048, Time: 00:17:10

Health: 0/75       AC: 29    Str: 25    XL:     12   Next: 39%
Magic:  9/16       EV: 10    Int:  9    God:    Okawaru [*****.]
Gold:   709        SH:  7    Dex:  9    Spells: 11/11 levels left

rFire   . . .        o - +0 morningstar (flame)
rCold   . . .        c - +0 buckler
rNeg    + . .        s - +0 plate armour
rPois   ∞            m - +0 helmet
rElec   +            H - +0 cloak
rCorr   .            (no gloves)
SInv    .            (no boots)
Will    .....        i - amulet of regeneration Stlth
                     (no ring)
HPRegen 1.12/turn    (no ring)
MPRegen 0.15/turn

%: no passive effects
@: heroic, finesse-ful
A: sickness immunity, AC +8, negative energy resistance 1, electricity
resistance, torment resistance 1, petrification resistance
a: Renounce Religion, Heroism, Finesse, Duel


You were on level 12 of the Dungeon.
You worshipped Okawaru.
Okawaru was extremely pleased with you.
You visited 2 branches of the dungeon, and saw 13 of its levels.
You also visited: Bailey.

You collected 709 gold pieces.

Inventory:

Hand Weapons
 o - a +0 morningstar of flaming (weapon)
Missiles
 n - 20 boomerangs
 p - 31 poisoned darts (quivered)
 A - 11 curare-tipped darts
 B - 4 datura-tipped darts
 J - 5 darts of dispersal
Armour
 c - a +0 buckler (worn)
 m - a +0 helmet (worn)
 s - a +0 plate armour (worn)
 H - a +0 cloak (worn)
Jewellery
 i - an amulet of regeneration (around neck)
Scrolls
 a - a scroll of immolation {unknown}
 b - 2 scrolls of amnesia {unknown}
 e - 5 scrolls of identify {unknown}
 f - 3 scrolls of vulnerability {unknown}
 g - 3 scrolls of teleportation {unknown}
 h - 2 scrolls of butterflies {unknown}
 t - a scroll of poison {unknown}
 y - a scroll of fear {unknown}
 D - a scroll of fog {unknown}
 F - 2 scrolls of acquirement {unknown}
 G - a scroll of enchant weapon {unknown}
 I - a scroll of revelation {unknown}
Potions
 d - 3 potions of might
 j - a potion of resistance {unknown}
 k - a potion of berserk rage {unknown}
 l - a potion of attraction {unknown}
 r - a potion of invisibility {unknown}
 u - 3 potions of enlightenment {unknown}
 v - 3 potions of cancellation {unknown}
 w - 2 potions of lignification {unknown}
 x - 4 potions of curing {unknown}
 z - a potion of degeneration {unknown}
 C - 4 potions of heal wounds {unknown}
 E - a potion of ambrosia {unknown}
 K - 2 potions of mutation {unknown}


   Skills:
 + Level 8.9(13.9) Fighting
 + Level 12.6(17.6) Maces & Flails
 + Level 2.3(7.3) Throwing
 + Level 10.6(15.6) Armour
 + Level 3.4(8.4) Dodging
 + Level 0.8(5.8) Stealth
 + Level 8.4(13.4) Shields
 * Level 5.7 Invocations


You had 11 spell levels left.
You didn't know any spells.
Your spell library contained the following spells:

 Spells                   Type           Power      Damage    Failure   Level
 Kiss of Death            Conj/Necr      0%         2d5       97%         1
 Sandblast                Erth           0%         2d4       97%         1
 Blink                    Tloc           0%         N/A       99%         2
 Lesser Beckoning         Tloc           0%         N/A       99%         2
 Momentum Strike          Conj/Tloc      0%         3d8       99%         2
 Passwall                 Tmut/Erth      0%         N/A       99%         2
 Wereblood                Tmut           0%         N/A       99%         2
 Confusing Touch          Hex            0%         N/A       100%        3
 Stone Arrow              Conj/Erth      0%         3d7       100%        3
 Dispel Undead            Necr           0%         3d6       100%        4
 Alistair's Intoxication  Tmut/Pois      0%         N/A       100%        5
 Borgnjor's Vile Clutch   Necr/Erth      0%         N/A       100%        5
 Lee's Rapid Deconstruct  Erth           0%         3d4*      100%        5
 Eringya's Noxious Bog    Tmut/Pois      0%         4d6       100%        6
 Sublimation of Blood     Necr           Unusable   N/A       N/A         2
 Animate Armour           Summ/Erth      Unusable   N/A       N/A         4
 Summon Lightning Spire   Summ/Air       Unusable   N/A       N/A         4
 Summon Hydra             Summ           Unusable   N/A       N/A         7

Dungeon Overview and Level Annotations

Branches:
Dungeon (12/15)            Temple (1/1) D:4            Lair (0/5) D:10
 Bailey (visited)
    Orc: D:9-12

Altars:
Ashenzari
Cheibriados
Dithmenos
Elyvilon
Fedhas
Gozag
Hepliaklqana
Kikubaaqudgha
Makhleb
Nemelex Xobeh
Okawaru
Qazlal
Ru
Sif Muna
Trog
Uskayaw
Vehumet
Wu Jian
Xom
Yredelemnul
Zin
The Shining One

Shops:
D:2 ([(   D:6 :   D:7 :

Portals:
Abyss: D:6


Innate Abilities, Weirdness & Mutations

You are immune to sickness and miasma.
Your stone body is resilient. (AC +8)
You are immune to poison.
You resist negative energy. (rN+)
You are resistant to electric shocks. (rElec)
You are resistant to unholy torment.
You are immune to petrification.


Message History

You hit the skeletal warrior. You burn the skeletal warrior.
The skeletal warrior is lightly damaged.
You barely miss the skeletal warrior.
The skeletal warrior is lightly damaged.
The skeletal warrior hits you but does no damage.
The skeletal warrior hits you from afar with a +0 glaive!
You barely miss the skeletal warrior.
The skeletal warrior is lightly damaged.
The skeletal warrior hits you with a +0 mace!
The skeletal warrior barely misses you.
You are too injured to fight recklessly!
You gain the combat prowess of a mighty hero.
The skeletal warrior hits you but does no damage. x2
You can now deal lightning-fast blows.
The skeletal warrior barely misses you.
The skeletal warrior hits you but does no damage.
You closely miss the skeletal warrior.
The skeletal warrior is lightly damaged.
The skeletal warrior barely misses you.
The skeletal warrior hits you from afar with a +0 glaive!!
* * * LOW HITPOINT WARNING * * *
You hit the skeletal warrior but do no damage.
The skeletal warrior is lightly damaged.
You hit the skeletal warrior but do no damage.
The skeletal warrior is lightly damaged.
You bludgeon the skeletal warrior!! You burn the skeletal warrior!
The skeletal warrior is severely damaged.
The skeletal warrior hits you with a +0 mace!
* * * LOW HITPOINT WARNING * * *
The skeletal warrior barely misses you.
You hit the skeletal warrior but do no damage.
The skeletal warrior is severely damaged.
The skeletal warrior attacks as you move away!
You block the skeletal warrior's attack.
You hit the skeletal warrior but do no damage.
The skeletal warrior is severely damaged.
You closely miss the skeletal warrior.
The skeletal warrior is severely damaged.
The skeletal warrior hits you with a +0 mace.
You die...

#>. ####..:......#
#..####............#
#..z.#.............#
#..#.....#.........# ###..
##...##.........## #...
##z###).......... #..##
#z##.###......... ##..##
#z#.###..######.>
#...####@####..## #..#
#.......⌠.....## #..#
##...####.####..#######..#
#...###.#.#.###...........
#.###..###.##.##.###..........
#.........###.###.....#####...
#######...##...##...### #.[.
##..#..#..#..## #...
#########...###...#########...


You could see 3 skeletal warriors.

Vanquished Creatures
  Gastronok (D:11)
  2 boulder beetles
  3 two-headed ogres
  A deep elf knight (D:12)
  Nergalle (D:12)
  An elephant (D:10)
  A rust devil (D:6)
  2 unseen horrors
  5 trolls
  The ghost of blacky4 the Trooper, an amateur DsGl (D:6)
  A raiju (D:6)
  Sigmund (D:3)
  A vampire (D:9)
  3 wraiths
  17 yaks
  2 basilisks
  2 steam dragons
  An acid dragon (D:10)
  3 water moccasins
  An orc warrior (D:6)
  A sky beast (D:3)
  3 ice beasts
  A black bear (D:10)
  2 ogres (D:5)
  3 centaurs
  6 kobold brigands
  A phantom (D:3)
  Blork the orc (D:5)
  3 bullfrogs
  11 scorpions
  10 wights
  11 killer bees
  3 howler monkeys
  5 orc priests
  3 gnoll boudas
  A sleepcap (D:6)
  8 hounds
  7 iguanas
  4 orc wizards
  2 small abominations (D:6)
  11 adders
  23 gnolls
  A shadow imp (D:7)
  2 white imps
  An ufetubus (D:4)
  3 worms
  2 dart slugs
  29 orcs
  9 bats
  5 endoplasms
  11 giant cockroaches
  12 goblins
  7 hobgoblins
  6 jackals
  21 kobolds
  5 quokkas
  11 ball pythons
  5 frilled lizards
  3 rats
303 creatures vanquished.

Vanquished Creatures (others)
  A gnoll (D:6)
1 creature vanquished.

Grand Total: 304 creatures vanquished

Notes
Turn   | Place    | Note
-------+----------+-------------------------------------------
     0 | D:1      | AdnanSaban the Gargoyle Fighter began the quest for the
                  | Orb.
     0 | D:1      | Reached XP level 1. HP: 14/14 MP: 1/1
   141 | D:1      | Reached XP level 2. HP: 19/19 MP: 2/2
   873 | D:1      | Reached XP level 3. HP: 23/23 MP: 3/3
  1080 | D:2      | Reached XP level 4. HP: 29/29 MP: 4/4
  1384 | D:2      | Found Zerus's Weapon Shoppe.
  1432 | D:2      | Found Seliejam's Antique Armour Shop.
  1499 | D:2      | Found Anienn's Weapon Shoppe.
  1663 | D:3      | Noticed Sigmund
  1673 | D:2      | Reached skill level 3 in Maces & Flails
  1795 | D:3      | Reached XP level 5. HP: 29/33 MP: 5/5
  1974 | D:3      | Found a transporter.
  1979 | D:3      | Noticed a sky beast
  1980 | D:3      | Noticed a phantom
  1981 | D:3      | Found a transporter.
  2019 | D:3      | Found a hide-covered altar of Uskayaw.
  2045 | D:3      | Killed Sigmund
  2046 | D:3      | Reached skill level 4 in Maces & Flails
  2046 | D:3      | Reached skill level 1 in Dodging
  2046 | D:3      | Reached XP level 6. HP: 37/38 MP: 6/6
  2070 | D:3      | Found a radiant altar of Vehumet.
  2070 | D:3      | Found a sparkling altar of Nemelex Xobeh.
  2222 | D:3      | Found a glowing silver altar of Zin.
  2223 | D:3      | Noticed an angel
  2485 | D:3      | Found a shimmering blue altar of Sif Muna.
  2911 | D:4      | Reached XP level 7. HP: 39/44 MP: 7/7
  2967 | D:4      | Reached skill level 5 in Maces & Flails
  3010 | D:4      | Reached skill level 5 in Armour
  3214 | D:4      | Found a staircase to the Ecumenical Temple.
  3317 | Temple   | Entered the Ecumenical Temple
  3386 | D:4      | Reached skill level 5 in Shields
  3518 | D:5      | Entered Level 5 of the Dungeon
  3518 | D:5      | Noticed Blork the orc
  3533 | D:5      | Killed Blork the orc
  3534 | D:5      | Reached XP level 8. HP: 46/48 MP: 8/8
  3899 | D:3      | Reached skill level 6 in Maces & Flails
  4241 | D:5      | Killed an unseen horror
  4242 | D:5      | Reached skill level 5 in Fighting
  4319 | D:5      | Found an iron altar of Okawaru.
  4331 | D:5      | Became a worshipper of Warmaster Okawaru
  4560 | D:5      | Found a glowing golden altar of the Shining One.
  4753 | D:6      | Found a basalt altar of Yredelemnul.
  4836 | D:6      | Reached skill level 7 in Maces & Flails
  4836 | D:6      | Reached XP level 9. HP: 55/55 MP: 9/9
  4840 | D:6      | Found Guano's Self-Published Books.
  4845 | D:6      | Reached * piety under Okawaru
  4946 | D:6      | Reached skill level 8 in Maces & Flails
  4965 | D:6      | Reached ** piety under Okawaru
  5033 | D:6      | Found a transporter.
  5035 | D:6      | Found a one-way gate to the infinite horrors of the Abyss.
  5035 | D:6      | Noticed blacky4's ghost (amateur DsGl)
  5098 | D:6      | Noticed a rust devil
  5121 | D:6      | Found a transporter.
  5792 | D:6      | Reached skill level 9 in Maces & Flails
  5881 | D:7      | Found a flagged portal.
  5890 | Bailey   | Entered a bailey
  5917 | Bailey   | Reached XP level 10. HP: 61/61 MP: 10/10
  6051 | Bailey   | Noticed an orc knight
  6134 | D:7      | Found Begiz's Book Shoppe.
  6288 | D:7      | Found a stormy altar of Qazlal.
  6607 | D:8      | Reached *** piety under Okawaru
  6608 | D:8      | Reached skill level 10 in Maces & Flails
  7441 | D:9      | Noticed a two-headed ogre
  7450 | D:9      | Killed a two-headed ogre
  7641 | D:9      | Reached **** piety under Okawaru
  7663 | D:9      | Reached skill level 11 in Maces & Flails
  7845 | D:9      | Reached XP level 11. HP: 54/68 MP: 11/11
  8232 | D:6      | Reached skill level 1 in Invocations
  8259 | D:6      | Killed blacky4's ghost
  8480 | D:10     | Entered Level 10 of the Dungeon
  8536 | D:10     | Found a runed translucent door.
  8538 | D:10     | Found a runed translucent door.
  8571 | D:10     | Found a staircase to the Lair.
  8599 | D:10     | Reached ***** piety under Okawaru
  8693 | D:10     | Found an opulent altar of Gozag.
  8761 | D:10     | Found a sacrificial altar of Ru.
  8931 | D:10     | Identified the +1 leather armour "Tupteury" {Regen+ Str+3
                  | Int+4}
  9263 | D:11     | Noticed a two-headed ogre
  9320 | D:11     | Killed a two-headed ogre
  9321 | D:11     | Reached skill level 12 in Maces & Flails
  9660 | D:11     | Noticed Gastronok
  9684 | D:11     | Killed Gastronok
  9684 | D:11     | Received a gift from Okawaru
  9685 | D:11     | Reached skill level 1 in Throwing
 10073 | D:11     | Reached XP level 12. HP: 63/75 MP: 15/15
 10083 | D:11     | Reached skill level 10 in Armour
 10418 | D:12     | Noticed a boulder beetle
 10446 | D:11     | Killed a boulder beetle
 10447 | D:11     | Reached skill level 5 in Invocations
 10556 | D:12     | Noticed Nergalle
 10593 | D:12     | Killed Nergalle
 10593 | D:12     | Received a gift from Okawaru
 10751 | D:12     | Noticed a two-headed ogre
 10769 | D:12     | Killed a two-headed ogre
 10785 | D:12     | Noticed a boulder beetle
 10806 | D:12     | Killed a boulder beetle
 10955 | D:12     | Noticed a deep elf knight
 10982 | D:12     | Killed a deep elf knight
 11044 | D:12     | HP: 2/75 [skeletal warrior/+0 mace (14)]
 11048 | D:12     | Slain by a skeletal warrior

Illustrated notes

Levels and vault maps discovered:
D:1:      dpeg_arrival_simpleton_b, layout_loops_corners
D:2:      wander_river, layout_basic, serial_shops,
          nicolae_shop_back_alley_shop, shop, shop
D:3:      layout_rooms, marbit_many_paths, zin_angel,
          gammafunk_temple_overflow_arena, serial_co_window_serial,
          co_window_paths_b, co_window_paths_b, co_window_paths_a,
          co_window_paths_a, co_window_of_opportunity_a, co_window_corner_a,
          co_window_paths_a, co_window_unsneaky_path_e, co_window_broadway_c,
          co_window_broadway_b, co_window_broadway_b, co_window_2corner,
          co_window_corner_ca, glass_columns_c, glass_columns_b,
          glass_columns_c, uniq_sigmund
D:4:      layout_basic, minmay_temple_entry_offerings
D:5:      layout_layer_cave, okawaru_gym_becter, kennysheep_mini_moat,
          uniq_blork_the_orc
D:6:      cheibrodos_barr_body, layout_basic, nicolae_overflow_crystal_walls,
          gammafunk_ghost_abyssal_escape, nicolae_custom_books
D:7:      layout_rooms, mainiacjoe_overflow_six_doors_small, enter_bailey_2,
          serial_shops, shop, chequers_serial_rivers_micro_c,
          nicolae_elevator_lobby_plus
D:8:      layout_rooms
D:9:      layout_cave_pods
D:10:     lemuel_insect_pit, layout_cave_pools, nicolae_ru_the_path_less_chosen,
          general_overflow_altar, david_lair_generic
D:11:     layout_loops_ring, serial_rivers, chequers_serial_rivers_micro_e,
          chequers_serial_rivers_micro_d, chequers_serial_rivers_micro_c,
          chequers_serial_rivers_room_a, chequers_serial_rivers_marsh,
          roderic_lattice_a, hangedman_decor_slide_cut, minmay_misc_feat_iff,
          uniq_gastronok
D:12:     layout_small_grid, erik_orc_3, kb_rosetta, uniq_nergalle
Temple:   nicolae_temple_ecumenical_triangle

Skill      XL: |  1  2  3  4  5  6  7  8  9 10 11 12 |
---------------+-------------------------------------+-----
Armour         | 4 5 6 7 9 10 | 10.6
Shields        | 4 5 6 7 8 |  8.4
Maces & Flails | 3 4 5 7 9 11 12 | 12.6
Fighting       | 4 6 7 8 |  8.9
Dodging        | 1 2 3 |  3.4
Invocations    | 4 5 |  5.7
Throwing       | 1 2 |  2.3
Stealth        | |  0.8

Action                     |  1- 3 |  4- 6 |  7- 9 | 10-12 || total
---------------------------+-------+-------+-------+-------++-------
  Melee: Flail             |   127 |    90 |       |       ||   217
         Morningstar       |       |   106 |   401 |   679 ||  1186
  Throw: Dart              |       |       |       |    40 ||    40
 Invoke: Heroism           |       |       |       |     4 ||     4
         Finesse           |       |       |       |     1 ||     1
    Use: Potion            |       |       |       |     1 ||     1
 Armour: Scale mail        |    77 |   127 |    69 |       ||   273
         Chain mail        |       |       |    15 |       ||    15
         Plate armour      |       |       |   306 |   606 ||   912
  Dodge: Dodged            |    81 |   127 |   179 |   296 ||   683
  Block: Buckler           |    28 |    60 |   112 |   173 ||   373

Table legend: (Time is in decaauts)
 A = Elapsed time spent in this place.
 B = Non-inter-level travel time spent in this place.
 C = Inter-level travel time spent in this place.
 D = Time resting spent in this place.
 E = Time spent auto-exploring this place.
 F = Levels seen in this place.
 G = Mean time per level.
                   A        B        C        D        E       F      G
               +--------+--------+--------+--------+--------+-----+--------+
         Total |  11297 |  10242 |   1055 |      9 |   7331 |  14 |  806.9 |
       Dungeon |  11109 |  10054 |   1055 |      9 |   7288 |  12 |  925.8 |
        Temple |      1 |      1 |      0 |      0 |      0 |   1 |    1.0 |
        Bailey |    185 |    185 |      0 |      0 |     43 |   1 |  185.0 |
               +--------+--------+--------+--------+--------+-----+--------+

Top non-repeatable levels by time:
     D:6: 1415 daAuts
     D:3: 1377 daAuts
    D:11: 1212 daAuts
     D:5: 1058 daAuts
     D:9: 1007 daAuts
     D:2: 944 daAuts
     D:1: 927 daAuts
    D:10: 817 daAuts
     D:4: 808 daAuts
     D:7: 558 daAuts
    D:12: 505 daAuts
     D:8: 476 daAuts
  Bailey: 185 daAuts
  Temple: 1 daAuts
